AoeStats
← MengeZ0_

Arena

505701248Analyzed
2v2 RM · 22d ago on Sep 10, 2026· 44m 44s· 4 players
Game mode
Random Map
Map size
Medium (4 player)
Population
200
Speed
Normal
Resources
Standard
Victory
Conquest
Starting age
Dark Age
Ending age
Imperial Age
RankedLock teamsTeams togetherTeam positionsShared explorationLock speedFull tech treeHidden civsTurbo modeCheats
Victory
Defeat
🇮🇹 Turks · Italy
830
+40
🇩🇪 Vikings · Germany
825
+18
🇩🇪 Ethiopians · Germany
906
-20
🇩🇪 Spanish · Germany
833
-16
Masso
12:17 Feudal Age
14:23 Double-Bit Axe
17:24 Castle Age
16:43 Wheelbarrow
17:44 Fletching
17:55 Padded Archer Armor
18:15 Bow Saw
19:50 Bodkin Arrow
23:24 Husbandry
24:05 Hand Cart
24:50 Bloodlines
26:07 Thumb Ring
36:04 Sipahi
39:26 Imperial Age
41:08 Sappers
42:20 Conscription
MengeZ0_
7:58 Loom
10:52 Feudal Age
13:00 Double-Bit Axe
16:55 Castle Age
15:39 Horse Collar
15:55 Gold Mining
16:28 Scale Mail Armor
18:17 Man-at-Arms
18:43 Gambesons
18:58 Squires
21:15 Bow Saw
21:27 Heavy Plow
22:08 Long Swordsman
24:31 Chain Mail Armor
24:26 Forging
25:01 Gold Shaft Mining
24:16 Stone Mining
26:23 Arson
29:53 Imperial Age
30:41 Two-Handed Swordsman
33:57 Plate Mail Armor
33:35 Champion
34:58 Iron Casting
37:48 Blast Furnace
36:47 Heated Shot
38:16 Pikeman
46:04 Two-Man Saw
LOK_WÜTERICH
11:58 Feudal Age
12:21 Horse Collar
12:31 Double-Bit Axe
13:23 Wheelbarrow
18:49 Castle Age
20:22 Hand Cart
20:37 Heavy Plow
21:03 Bow Saw
24:36 Forging
26:20 Scale Barding Armor
26:52 Iron Casting
26:19 Scale Mail Armor
32:37 Town Watch
33:11 Chain Mail Armor
33:17 Chain Barding Armor
32:28 Pikeman
33:12 Squires
37:54 Imperial Age
37:43 Town Patrol
39:23 Man-at-Arms
39:50 Gambesons
LOK_KRIEGERISCH
11:38 Feudal Age
12:06 Double-Bit Axe
12:04 Horse Collar
18:42 Castle Age
17:23 Scale Mail Armor
18:12 Forging
20:10 Wheelbarrow
20:15 Iron Casting
20:27 Chain Mail Armor
23:40 Bow Saw
23:52 Heavy Plow
33:24 Imperial Age
34:32 Conscription
34:39 Fortified Wall
36:00 Two-Man Saw
41:09 Heavy Scorpion
Connection lost

Rejoining the realm…

Still unreachable

The connection could not be restored.

Session expired

The server has moved on; the page needs a fresh start.